Map: 光影交错-天梯版

Players

XQC - Winner!

  • Race: Zerg Zerg

VOD

Have the link to the VOD?

Description

Time

  • Played on: March 21, 2021, 4:24 a.m.
  • Length: 42:36
Show
View Real Time Build Order
Export as new Build Order

XQC Zerg - Winner!

Build Orders:  

Get SALT Encoding   

  12  0:00  Drone  
  13  0:12  Drone  
  14  0:23  Overlord  
  14  0:50  Drone x2  
  14  0:52  Drone  
  17  1:13  Hatchery  
  17  1:18  Drone  
  17  1:22  Drone  
  18  1:38  Extractor  
  17  1:44  Spawning Pool  
  17  1:49  Drone  
  17  1:53  Drone  
  18  2:08  Drone  
  19  2:27  Overlord  
  19  2:50  Zergling x2  
  19  2:52  Zergling x2  
  19  2:56  Drone  
  22  3:02  Queen  
  22  3:03  Queen  
  26  3:28  Drone x4  
  30  3:44  Baneling Nest  
  30  3:45  Overlord  
  30  3:47  Drone  
  30  3:53  Queen  
  30  3:59  Metabolic Boost  
  32  4:02  Drone x2  
  34  4:20  Drone  
  34  4:21  Drone x2  
  37  4:35  Queen  
  39  4:44  Drone  
  39  4:45  Drone x4  
  44  5:00  Overlord  
  44  5:07  Overlord  
  44  5:26  Evolution Chamber  
  44  5:27  Hatchery  
  44  5:28  Drone x5  
  44  5:29  Drone  
  48  5:30  Evolution Chamber  
  47  5:42  Overlord  
  47  6:00  Drone  
  47  6:01  Drone x3  
  47  6:06  Overlord  
  51  6:14  Zerg Melee Weapons Level 1, Zerg Ground Armor Level 1  
  51  6:24  Extractor  
  50  6:33  Drone  
  50  6:34  Drone x3  
  50  6:36  Drone x3  
  57  6:42  Zergling x2  
  57  6:43  Zergling x4  
  60  6:58  Drone x2  
  62  7:00  Lair  
  62  7:13  Zergling x2  
  62  7:14  Zergling x14  
  70  7:43  Hatchery  
  70  7:46  Baneling  
  70  7:47  Baneling x3  
  70  7:49  Baneling  
  69  7:50  Baneling x2  
  69  7:51  Baneling x2  
  69  7:53  Zergling x20  
  69  7:59  Extractor  
  78  8:02  Extractor  
  78  8:03  Extractor  
  78  8:06  Extractor  
  75  8:16  Drone  
  75  8:17  Drone x5  
  81  8:51  Drone  
  81  8:53  Overlord  
  81  8:54  Overlord x3  
  82  9:34  Queen  
  82  9:36  Queen  
  86  9:44  Drone x3  
  86  9:45  Drone x14  
  103  9:51  Pneumatized Carapace  
  103  10:01  Zerg Melee Weapons Level 2, Zerg Ground Armor Level 2  
  103  10:08  Centrifugal Hooks  
  103  10:11  Zergling x2  
  103  10:12  Zergling x14  
  111  10:54  Spire  
  108  11:06  Unknown  
  108  11:09  Zergling x2  
  95  11:10  Zergling x30  
  110  11:48  Zergling x2  
  110  11:49  Zergling x2  
  112  11:51  Overlord  
  112  11:52  Overlord x5  
  101  12:28  Zergling x8  
  101  12:29  Zergling x18  
  101  12:52  Mutalisk  
  101  12:53  Mutalisk x8  
  119  13:09  Infestation Pit  
  118  13:15  Drone  
  118  13:16  Drone x8  
  127  13:22  Overlord  
  127  13:23  Overlord, Hatchery  
  126  13:35  Mutalisk  
  126  13:36  Mutalisk  
  130  13:55  Mutalisk  
  130  13:56  Mutalisk x9  
  130  13:58  Hatchery  
  149  14:00  Zerg Flyer Weapons Level 1  
  149  14:07  Hatchery  
  148  14:38  Extractor  
  147  14:42  Hive  
  147  14:43  Extractor  
  146  14:51  Drone  
  146  14:52  Drone x20  
  167  15:06  Unknown  
  149  15:15  Zergling x22  
  149  15:16  Zergling x2  
  155  15:37  Drone, Zergling x2  
  155  15:38  Zergling x10  
  155  15:39  Zergling x8  
  156  16:19  Extractor x2  
  130  16:25  Extractor x2  
  130  16:27  Baneling  
  130  16:28  Baneling x15  
  130  16:29  Baneling x21  
  122  16:31  Zergling x36  
  140  16:42  Mutalisk x7  
  140  16:43  Mutalisk  
  156  16:57  Zerg Melee Weapons Level 3, Zerg Ground Armor Level 3  
  156  17:06  Zergling x24  
  168  17:31  Zergling x12  
  168  17:32  Zergling x10  
  168  17:36  Mutalisk  
  168  17:37  Mutalisk x5  
  191  17:50  Ultralisk Cavern  
  157  18:40  Mutalisk  
  157  18:41  Mutalisk x11  
  157  18:45  Unknown  
  157  18:47  Zergling x12  
  157  18:48  Zergling x30  
  159  19:07  Zergling x2  
  159  19:08  Zergling x18  
  153  19:54  Zerg Flyer Weapons Level 2  
  153  19:58  Zergling x28  
  153  19:59  Zergling x24  
  179  20:06  Baneling  
  179  20:07  Baneling x9  
  179  20:08  Unknown, Baneling x20  
  179  20:09  Baneling x21  
  179  20:10  Baneling x9  
  143  21:01  Zergling x2  
  143  21:02  Zergling x14  
  143  21:03  Zergling x38  
  152  21:36  Unknown  
  152  21:42  Baneling x3  
  152  21:43  Baneling x21  
  152  21:44  Baneling x9  
  152  21:58  Queen  
  152  21:59  Queen x3  
  162  22:00  Queen  
  163  22:29  Unknown, Queen  
  150  22:42  Unknown  
  150  22:47  Zergling x2  
  150  22:48  Zergling x16  
  150  22:49  Zergling x44  
  138  22:50  Zergling x12  
  173  22:54  Baneling  
  173  22:55  Baneling x13  
  173  22:57  Baneling  
  173  22:58  Baneling x11  
  179  23:41  Unknown  
  174  24:05  Zergling x8  
  174  24:06  Zergling x42  
  174  24:07  Zergling x4  
  174  24:08  Overlord  
  174  24:09  Overlord  
  193  24:17  Unknown  
  193  24:30  Baneling  
  193  24:31  Baneling x8  
  193  24:32  Baneling x2  
  193  24:33  Baneling x3  
  193  24:34  Baneling x15  
  193  25:08  Hatchery  
  188  25:22  Unknown  
  182  25:34  Zergling x16  
  182  25:35  Zergling x46  
  182  25:36  Zergling x4  
  159  26:14  Corruptor  
  159  26:15  Corruptor x11  
  173  26:20  Mutalisk  
  131  27:23  Mutalisk x11  
  131  27:41  Zergling x10  
  131  27:42  Zergling x4  
  118  28:06  Mutalisk  
  118  28:07  Mutalisk x2  
  114  28:13  Unknown  
  114  28:18  Unknown  
  97  30:31  Hatchery  
  97  30:32  Zergling x6  
  97  30:33  Zergling x2  
  100  30:41  Hatchery  
  100  30:43  Hatchery  
  96  31:15  Hatchery  
  88  32:40  Drone  
  88  32:41  Drone x7  
  88  32:42  Drone x14  
  88  32:43  Drone  
  111  32:52  Drone  
  111  32:53  Drone  
  111  32:54  Drone  
  114  33:38  Zergling x2  
  114  33:39  Zergling x2  
  116  34:17  Drone  
  116  34:18  Drone x5  
  116  34:19  Drone x3  
  124  34:32  Zerg Flyer Weapons Level 3  
  122  34:49  Spire  
  121  34:55  Drone x4  
  121  34:56  Drone x2  
  127  35:04  Hatchery  
  126  35:13  Queen x2  
  126  35:14  Queen x3  
  126  35:15  Queen  
  138  35:57  Extractor  
  137  36:06  Extractor  
  136  36:15  Extractor  
  136  36:18  Extractor  
  132  36:23  Zergling x42  
  132  36:24  Zergling x42  
  132  36:25  Zergling x4  
  174  37:57  Queen  
  176  38:11  Ultralisk  
  176  38:12  Ultralisk x3  
  200  38:24  Zerg Flyer Armor Level 1  
  200  38:36  Unknown  
  179  40:40  Unknown  
  172  41:26  Mutalisk x6  
  172  41:27  Mutalisk x12  
  197  41:40  Baneling  
  197  41:41  Baneling x16  
  197  41:42  Baneling x18  
  197  41:43  Baneling x11  
  191  41:51  Zergling x2  
  191  41:52  Zergling x16  
Tags
 
Add a new tag
Caveats
  • Supply blocks, unpowered buildings, or Contaminate may cause inaccurate times.
  • Supply counts are checked every 10 seconds.